TOP OF THE 1ST |
Mile High Broncos batting - Pitching for Calgary Cowboys : RHP Ron Chapman
|
Pitching: RHP Ron Chapman
|
|
Batting: SHB Ben Marks
|
0-0: Called Strike 0-1: Fly out, F8 (Flyball, 78M)
|
Batting: SHB Michael Field
|
0-0: Fly out, F9 (Line Drive, 89D)
|
Batting: RHB Rodney González
|
0-0: Called Strike 0-1: Ground out 6-3 (Groundball, 6S)
|
Top of the 1st over - 0 runs, 0 hits, 0 errors, 0 left on base; Mile High 0 - Calgary 0 |
BOTTOM OF THE 1ST |
Calgary Cowboys batting - Pitching for Mile High Broncos : RHP Manny Pérez
|
Pitching: RHP Manny Pérez
|
|
Batting: RHB Don Hooper
|
0-0: Called Strike 0-1: Reached on error, E3 (Groundball, 34)
|
Batting: RHB César Rodríguez
|
0-0: Foul Ball, location: 2F 0-1: Fielders Choice at 2nd, 1-4 (Groundball, 15S)
|
Batting: LHB Edgar López
|
0-0: Ball César Rodríguez is caught stealing 2nd base 1-0: Ball 2-0: Ball 3-0: SINGLE (Groundball, 4D)
|
Batting: SHB Ramiro Medrano
|
0-0: Foul Ball, location: 2F 0-1: Ball 1-1: Ball 2-1: Ball 3-1: Foul Ball, location: 2F 3-2: Foul Ball, location: 2F 3-2: Fly out, F9 (Line Drive, 9LD)
|
Bottom of the 1st over - 0 runs, 1 hit, 1 error, 1 left on base; Mile High 0 - Calgary 0 |
TOP OF THE 2ND |
Mile High Broncos batting - Pitching for Calgary Cowboys : RHP Ron Chapman
|
Batting: RHB António Martínez
|
0-0: Called Strike 0-1: Foul Ball, location: 2F 0-2: Foul Ball, location: 2F 0-2: Foul Ball, location: 2F 0-2: Strikes out swinging
|
Batting: LHB Tony Báez
|
0-0: Called Strike 0-1: Called Strike 0-2: Strikes out looking
|
Batting: RHB Evan Robinson
|
0-0: Ball 1-0: Foul Ball, location: 2F 1-1: Swinging Strike 1-2: Foul Ball, location: 2F 1-2: Ground out 6-3 (Groundball, 6MD)
|
Top of the 2nd over - 0 runs, 0 hits, 0 errors, 0 left on base; Mile High 0 - Calgary 0 |
BOTTOM OF THE 2ND |
Calgary Cowboys batting - Pitching for Mile High Broncos : RHP Manny Pérez
|
Batting: LHB Anacleto Morillo
|
0-0: Ball 1-0: SINGLE (Groundball, 4MD)
|
Batting: LHB José López
|
0-0: Ball 1-0: Called Strike 1-1: Fly out, F4 (Popup, 34D)
|
Batting: RHB Alfredo Hernández
|
0-0: Called Strike Anacleto Morillo is caught stealing 2nd base 0-1: Foul Ball, location: 2F 0-2: Foul Ball, location: 2F 0-2: Foul Ball, location: 2F 0-2: Strikes out swinging
|
Bottom of the 2nd over - 0 runs, 1 hit, 0 errors, 0 left on base; Mile High 0 - Calgary 0 |
TOP OF THE 3RD |
Mile High Broncos batting - Pitching for Calgary Cowboys : RHP Ron Chapman
|
Batting: RHB Edward Williams
|
0-0: Called Strike 0-1: Swinging Strike 0-2: Strikes out swinging
|
Batting: SHB Paco Martínez
|
0-0: Called Strike 0-1: Swinging Strike 0-2: Ball 1-2: Ground out 5-3 (Groundball, 5)
|
Batting: RHB Luis Ramos
|
0-0: Called Strike 0-1: Ball 1-1: Ball 2-1: Swinging Strike 2-2: Foul Ball, location: 2F 2-2: Strikes out swinging
|
Top of the 3rd over - 0 runs, 0 hits, 0 errors, 0 left on base; Mile High 0 - Calgary 0 |
BOTTOM OF THE 3RD |
Calgary Cowboys batting - Pitching for Mile High Broncos : RHP Manny Pérez
|
Batting: LHB Miguel Pérez
|
0-0: Called Strike 0-1: Called Strike 0-2: Ball 1-2: Ball 2-2: Foul Ball, location: 2F 2-2: Strikes out swinging
|
Batting: RHB Ismael Ortíz
|
0-0: Ball 1-0: Called Strike 1-1: Ball 2-1: Foul Ball, location: 2F 2-2: Foul Ball, location: 2F 2-2: Ball 3-2: Fly out, F7 (Flyball, 7D)
|
Batting: RHB Don Hooper
|
0-0: Ball 1-0: Ground out 5-3 (Groundball, 5)
|
Bottom of the 3rd over - 0 runs, 0 hits, 0 errors, 0 left on base; Mile High 0 - Calgary 0 |
TOP OF THE 4TH |
Mile High Broncos batting - Pitching for Calgary Cowboys : RHP Ron Chapman
|
Batting: SHB Ben Marks
|
0-0: Ground out 6-3 (Groundball, 6)
|
Batting: SHB Michael Field
|
0-0: SINGLE (Line Drive, 8RS)
|
Batting: RHB Rodney González
|
0-0: Ground out U3 (Groundball, 3) Michael Field to second
|
Batting: RHB António Martínez
|
0-0: Ball 1-0: Fly out, F7 (Flyball, 78D)
|
Top of the 4th over - 0 runs, 1 hit, 0 errors, 1 left on base; Mile High 0 - Calgary 0 |
BOTTOM OF THE 4TH |
Calgary Cowboys batting - Pitching for Mile High Broncos : RHP Manny Pérez
|
Batting: RHB César Rodríguez
|
0-0: SINGLE (Line Drive, 78M)
|
Batting: LHB Edgar López
|
0-0: Ball 1-0: Swinging Strike 1-1: Called Strike 1-2: Foul Ball, location: 2F 1-2: Ball 2-2: Ball 3-2: Base on Balls César Rodríguez to second
|
Batting: SHB Ramiro Medrano
|
0-0: Called Strike César Rodríguez steals 3rd base Edgar López to second 0-1: Ground out 4-3 (Groundball, 4S) César Rodríguez scores Edgar López to third
|
Batting: LHB Anacleto Morillo
|
0-0: Called Strike 0-1: Ball 1-1: Foul Ball, location: 2F 1-2: Ball 2-2: Foul Ball, location: 2F 2-2: Ball 3-2: Base on Balls
|
Batting: LHB José López
|
0-0: Called Strike 0-1: Ball 1-1: Ground out 5-3 (Groundball, 5S) Edgar López scores Anacleto Morillo to second
|
Batting: RHB Alfredo Hernández
|
0-0: Ball 1-0: Foul Ball, location: 2F 1-1: Ball 2-1: Ball 3-1: Swinging Strike 3-2: Base on Balls
|
Batting: LHB Miguel Pérez
|
0-0: Ball 1-0: Ground out 4-3 (Groundball, 4)
|
Bottom of the 4th over - 2 runs, 1 hit, 0 errors, 2 left on base; Mile High 0 - Calgary 2 |
TOP OF THE 5TH |
Mile High Broncos batting - Pitching for Calgary Cowboys : RHP Ron Chapman
|
Batting: LHB Tony Báez
|
0-0: Called Strike 0-1: Ball 1-1: Foul Ball, location: 2F 1-2: Strikes out swinging
|
Batting: RHB Evan Robinson
|
0-0: Ball 1-0: Fly out, F7 (Flyball, 7S)
|
Batting: RHB Edward Williams
|
0-0: Called Strike 0-1: SINGLE (Line Drive, 8LS)
|
Batting: SHB Paco Martínez
|
0-0: Ball 1-0: Foul Ball, location: 2F 1-1: Fly out, F4 (Line Drive, 4)
|
Top of the 5th over - 0 runs, 1 hit, 0 errors, 1 left on base; Mile High 0 - Calgary 2 |
BOTTOM OF THE 5TH |
Calgary Cowboys batting - Pitching for Mile High Broncos : RHP Manny Pérez
|
Batting: RHB Ismael Ortíz
|
0-0: Ball 1-0: Fly out, F5 (Popup, 5F)
|
Batting: RHB Don Hooper
|
0-0: Foul Ball, location: 2F 0-1: Ball 1-1: Ball 2-1: Foul Ball, location: 2F 2-2: Foul Ball, location: 2F 2-2: Ball 3-2: Foul Ball, location: 2F 3-2: Foul Ball, location: 2F 3-2: Base on Balls
|
Batting: RHB César Rodríguez
|
0-0: Called Strike 0-1: Ball 1-1: Fielders Choice at 2nd, 1-6 (Groundball, P)
|
Batting: LHB Edgar López
|
0-0: Ground out 4-3 (Groundball, 4MS)
|
Bottom of the 5th over - 0 runs, 0 hits, 0 errors, 1 left on base; Mile High 0 - Calgary 2 |
TOP OF THE 6TH |
Mile High Broncos batting - Pitching for Calgary Cowboys : RHP Ron Chapman
|
Batting: RHB Luis Ramos
|
0-0: Ball 1-0: Foul Ball, location: 2F 1-1: Bunted foul 1-2: Ball 2-2: Ball 3-2: Foul Ball, location: 2F 3-2: Ground out 1-3 (Groundball, P)
|
Batting: SHB Ben Marks
|
0-0: Ball 1-0: Ground out 4-3 (Groundball, 4MS)
|
Batting: SHB Michael Field
|
0-0: Foul Ball, location: 2F 0-1: Ball 1-1: Foul Ball, location: 2F 1-2: Foul Ball, location: 2F 1-2: DOUBLE (Line Drive, 9LD)
|
Batting: RHB Rodney González
|
0-0: Foul Ball, location: 2F 0-1: Ball 1-1: Ball 2-1: 2-RUN HOME RUN (Flyball, 9LD), Distance : 338 ft
|
Batting: RHB António Martínez
|
0-0: Foul Ball, location: 2F 0-1: Foul Ball, location: 2F 0-2: Foul Ball, location: 2F 0-2: Ball 1-2: Strikes out swinging
|
Top of the 6th over - 2 runs, 2 hits, 0 errors, 0 left on base; Mile High 2 - Calgary 2 |
BOTTOM OF THE 6TH |
Calgary Cowboys batting - Pitching for Mile High Broncos : RHP Manny Pérez
|
Pitching: RHP Wilson Yoxall
|
|
Batting: SHB Ramiro Medrano
|
0-0: Called Strike 0-1: Ball 1-1: Foul Ball, location: 2F 1-2: SOLO HOME RUN (Flyball, 9LD), Distance : 337 ft
|
Batting: LHB Anacleto Morillo
|
0-0: Ball 1-0: Ground out U3 (Groundball, 3)
|
Batting: LHB José López
|
0-0: Ball 1-0: Ball 2-0: Ball 3-0: Base on Balls
|
Batting: RHB Alfredo Hernández
|
0-0: Grounds into double play, 4-6-3 (Groundball, 4)
|
Bottom of the 6th over - 1 run, 1 hit, 0 errors, 0 left on base; Mile High 2 - Calgary 3 |
TOP OF THE 7TH |
Mile High Broncos batting - Pitching for Calgary Cowboys : RHP Ron Chapman
|
Batting: LHB Tony Báez
|
0-0: Ball 1-0: Ball 2-0: Called Strike 2-1: Ground out U3 (Groundball, 34)
|
Batting: RHB Evan Robinson
|
0-0: Ball 1-0: Ball 2-0: SINGLE (Groundball, 56D)
|
Batting: RHB Edward Williams
|
0-0: Ball 1-0: Ball 2-0: Called Strike 2-1: Fly out, F4 (Line Drive, 4)
|
Batting: SHB Paco Martínez
|
0-0: Swinging Strike 0-1: Ball 1-1: Fly out, F9 (Flyball, 9S)
|
Top of the 7th over - 0 runs, 1 hit, 0 errors, 1 left on base; Mile High 2 - Calgary 3 |
BOTTOM OF THE 7TH |
Calgary Cowboys batting - Pitching for Mile High Broncos : RHP Wilson Yoxall
|
Batting: LHB Miguel Pérez
|
0-0: Ball 1-0: Called Strike 1-1: Foul Ball, location: 2F 1-2: Ground out 4-3 (Groundball, 4)
|
Batting: RHB Ismael Ortíz
|
0-0: Called Strike 0-1: Ball 1-1: Ball 2-1: Swinging Strike 2-2: Ball 3-2: Strikes out swinging
|
Batting: RHB Don Hooper
|
0-0: Called Strike 0-1: Ball 1-1: SINGLE (Line Drive, 4M)
|
Pinch Hitting: LHB Del Kennedy
|
0-0: Called Strike 0-1: Swinging Strike 0-2: Foul Ball, location: 2F 0-2: Foul Ball, location: 2F 0-2: Strikes out swinging
|
Bottom of the 7th over - 0 runs, 1 hit, 0 errors, 1 left on base; Mile High 2 - Calgary 3 |
TOP OF THE 8TH |
Mile High Broncos batting - Pitching for Calgary Cowboys : RHP Ron Chapman
|
Now in CF: Del Kennedy
|
|
Batting: RHB Luis Ramos
|
0-0: Ball 1-0: Ball 2-0: Called Strike 2-1: Called Strike 2-2: Ball 3-2: Foul Ball, location: 2F 3-2: Ground out 6-3 (Groundball, 6)
|
Batting: SHB Ben Marks
|
0-0: Ball 1-0: SINGLE (Line Drive, 34)
|
Batting: SHB Michael Field
|
0-0: Ball 1-0: Called Strike 1-1: Ball 2-1: Sac Bunt - play at first, batter OUT! 1-4 Ben Marks to second
|
Batting: RHB Rodney González
|
0-0: Foul Ball, location: 2F 0-1: Ball 1-1: Foul Ball, location: 2F 1-2: Strikes out swinging
|
Top of the 8th over - 0 runs, 1 hit, 0 errors, 1 left on base; Mile High 2 - Calgary 3 |
BOTTOM OF THE 8TH |
Calgary Cowboys batting - Pitching for Mile High Broncos : RHP Wilson Yoxall
|
Batting: LHB Edgar López
|
0-0: Ball 1-0: Ball 2-0: Ball 3-0: Called Strike 3-1: Swinging Strike 3-2: Foul Ball, location: 2F 3-2: Ground out 5-3 (Groundball, 56S)
|
Batting: SHB Ramiro Medrano
|
0-0: SINGLE (Groundball, 6M) (infield hit)
|
Batting: LHB Anacleto Morillo
|
0-0: Ball 1-0: Grounds into double play, 4-6-3 (Groundball, 4)
|
Bottom of the 8th over - 0 runs, 1 hit, 0 errors, 0 left on base; Mile High 2 - Calgary 3 |
TOP OF THE 9TH |
Mile High Broncos batting - Pitching for Calgary Cowboys : RHP Ron Chapman
|
Now at 2B: Jorge Balencia
|
|
Batting: RHB António Martínez
|
0-0: Foul Ball, location: 2F 0-1: Ball 1-1: Ground out 6-3 (Groundball, 6M)
|
Batting: LHB Tony Báez
|
0-0: Swinging Strike 0-1: Fly out, F8 (Flyball, 8LD)
|
Batting: RHB Evan Robinson
|
0-0: Ground out 5-3 (Groundball, 56)
|
Top of the 9th over - 0 runs, 0 hits, 0 errors, 0 left on base; Mile High 2 - Calgary 3 |
|